 Dungeon Crawl Stone Soup version 0.20.1-1-g8b1a95d (webtiles) character file.

7811 empire the Protected (level 11, -2/99 HPs)
             Began as a Minotaur Fighter on Oct 6, 2017.
             Was a Priest of Nemelex Xobeh.
             Slain by a manticore (4 damage)
             ... on level 10 of the Dungeon on Oct 17, 2017.
             The game lasted 00:27:23 (11568 turns).

empire the Protected (Minotaur Fighter)            Turns: 11568, Time: 00:27:25

Health: -2/99      AC: 15    Str: 24    XL:     11   Next: 1%
Magic:  13/13      EV: 10    Int:  5    God:    Nemelex Xobeh [***...]
Gold:   395        SH: 13    Dex: 10    Spells: 10/10 levels left

rFire    . . .     SeeInvis +   a - +0 flail
rCold    + . .     Gourm    .   c - +0 shield
rNeg     . . .     Faith    .   b - +0 scale mail
rPois    .         Spirit   .   (helmet restricted)
rElec    .         Reflect  +   k - +2 cloak
rCorr    .         Harm     .   h - +0 pair of gloves
MR       ++...     Clarity  +   U - +0 pair of boots
Stlth    ..........             H - +3 amulet of reflection
Regen    0.0/turn               y - ring of protection from magic
MPRegen  0.2/turn               g - ring of protection from cold

@: about to teleport
A: retaliatory headbutt, horns 2, see invisible, clarity, magic resistance 1,
inhibited regeneration
a: Triple Draw, Renounce Religion


You were on level 10 of the Dungeon.
You worshipped Nemelex Xobeh.
Nemelex Xobeh was most pleased with you.
You were near starving.

You visited 2 branches of the dungeon, and saw 11 of its levels.

You collected 611 gold pieces.
You spent 216 gold pieces at shops.

Inventory:

Hand Weapons
 a - a +0 flail (weapon)
 n - the cursed +1 mace of Unpleasantness {vamp, rElec rC+}
   (You bought it in a shop on level 9 of the Dungeon)

   It inflicts no extra harm, but heals its wielder when it wounds a living foe.
   It protects you from cold.
   It insulates you from electricity.
   It has a curse placed upon it.
 t - a cursed -1 dagger
 A - a +1 dagger of freezing
 S - a cursed -2 shortbow
Armour
 b - a +0 scale mail (worn)
 c - a +0 shield (worn)
 d - a +2 ring mail of cold resistance
 h - a +0 pair of gloves (worn)
 j - a +0 plate armour
 k - a +2 cloak (worn)
 P - the +3 leather armour of Luirhiyt {rN++ Stlth-}
   (You found it on level 8 of the Dungeon)

   It greatly protects you from negative energy.
   It makes you less stealthy.
 U - a +0 pair of boots (worn)
Magical Staves
 D - an uncursed staff of energy
 N - an uncursed staff of wizardry {unknown}
Jewellery
 e - an uncursed ring of resist corrosion
 g - a ring of protection from cold (right hand)
 y - a ring of protection from magic (left hand)
 z - an uncursed ring of flight
 B - an uncursed ring of positive energy
 H - a +3 amulet of reflection (around neck)
 O - an uncursed ring of magical power
 R - a cursed ring of loudness {unknown}
Wands
 u - a wand of random effects (17/48)
 J - a wand of lightning (0/15)
 M - a wand of disintegration (0/24)
Scrolls
 m - 3 scrolls of enchant weapon
 p - 2 scrolls of teleportation
 q - 2 scrolls of magic mapping {unknown}
 s - 2 scrolls of amnesia {unknown}
 v - 3 scrolls of remove curse {unknown}
 x - 2 scrolls of enchant armour {unknown}
Potions
 r - a potion of lignification
 w - 2 potions of degeneration
 F - a potion of berserk rage
 L - a potion of agility
Books
 I - a book of Maledictions

   Spells                             Type                      Level
   a - Corona                         Hexes                        1
   b - Ensorcelled Hibernation        Hexes/Ice                    2
   c - Confuse                        Hexes                        3
   d - Tukima's Dance                 Hexes                        3
   e - Dazzling Spray                 Conjuration/Hexes            3
Miscellaneous
 E - a plain deck of escape {drawn: 2}
 T - an ornate deck of summoning
Comestibles
 f - 9 bread rations
 i - 4 royal jellies
 o - 7 meat rations
 G - 8 fruits


   Skills:
 - Level 10.0 Fighting
 - Level 10.0 Maces & Flails
 - Level 12.0 Armour
 - Level 5.0 Dodging
 + Level 6.2 Shields
 - Level 5.0 Invocations


You had 10 spell levels left.
You didn't know any spells.

Dungeon Overview and Level Annotations

Branches:
Dungeon (10/15)            Temple (1/1) D:5            Lair (0/6) D:8
    Orc (0/2) D:9

Altars:
Ashenzari
Cheibriados
Dithmenos
Elyvilon
Fedhas
Gozag
Hepliaklqana
Kikubaaqudgha
Makhleb
Nemelex Xobeh
Okawaru
Qazlal
Ru
Sif Muna
Trog
Uskayaw
Vehumet
Xom
Yredelemnul
Zin
The Shining One

Shops:
D:3 *   D:4 [   D:6 %   D:9 (

Annotations:
D:7 1 runed door


Innate Abilities, Weirdness & Mutations

You reflexively headbutt those who attack you in melee.
You have a pair of horns on your head.
You have supernaturally acute eyesight. (SInv)
You possess an exceptional clarity of mind.
You are resistant to hostile enchantments. (MR+)
You do not regenerate when monsters are visible.


Message History

The manticore claws you.
* * * LOW HITPOINT WARNING * * *
The manticore closely misses you. You block the troll's attack.
The troll claws you but does no damage. The troll closely misses you.
Your centaur hits the manticore but does no damage.
Your centaur wields a shortbow.
Your centaur shoots an arrow.
The arrow hits the wyvern.
The arrow disappears in a puff of smoke!
Your centaur closely misses the wyvern.
Your wyvern bites the manticore!
The wyvern bites your centaur!
The wyvern bites your centaur but does no damage.
You block the bullfrog skeleton's attack.
Your centaur closely misses the wyvern.
Your centaur hits the manticore!
Your centaur shoots an arrow.
The arrow hits the wyvern.
The arrow disappears in a puff of smoke!
You block the manticore's attack.
The manticore claws you but does no damage.
The manticore claws you.
You die...
Your body disappears without a glow.

##.....## ##...........
.........## #..........<
........>.# ##..........
..........## ##>........
...........# #.........
..........(## ##........
..........(.# ##.....##
.....lHl.c..#######..##
.....cT@c..#........##
......Z..l.(.#####...##
.........######.......##
#.......## ###.........#
##....### ##............
#...# ##.............
#..# ##............#.
#.# ##..............#
#...............#


You could see a manticore, a troll, 2 wyverns, a bullfrog skeleton, a friendly
wyvern and 3 friendly centaurs.

Vanquished Creatures
  The ghost of bmj180 the Slasher, a novice HuBe of Trog (D:8)
  Maurice (D:8)
  Grinder (D:6)
  A hippogriff (D:8)
  A spriggan (D:7)
  A wraith (D:10)
  2 yaks (D:9)
  2 water moccasins (D:9)
  7 orc warriors
  A sky beast (D:9)
  An ice beast (D:8)
  2 phantoms
  5 centaurs
  A necrophage (D:9)
  4 ogres
  2 big kobolds
  The ghost of empire the Chiller, an amateur DEIE (D:3)
  A crocodile (D:9)
  Blork the orc (D:6)
  A wyvern zombie (D:7)
  5 bullfrogs
  7 scorpions
  A howler monkey (D:9)
  7 crimson imps
  2 centaur zombies
  3 bullfrog skeletons
  6 jellies
  5 orc priests
  2 hounds
  A gnoll shaman (D:5)
  2 iguanas
  14 orc wizards
  8 worker ants
  A killer bee zombie (D:6)
  12 gnolls
  2 howler monkey skeletons
  14 adders
  4 shadow imps
  3 oozes
  An adder skeleton (D:9)
  4 worms
  5 dart slugs
  7 leopard geckos
  47 orcs
  4 bats
  8 giant cockroaches
  8 goblins
  3 hobgoblins
  4 jackals (D:9)
  3 quokkas
  4 frilled lizards
  A jackal skeleton (D:5)
  9 kobolds
  A kobold skeleton (D:7)
  A leopard gecko zombie (D:9)
  2 rats
248 creatures vanquished.

Vanquished Creatures (collateral kills)
  Sonja (D:10)
  A hornet (D:10)
  A hippogriff (D:10)
  2 yaks (D:9)
  A hungry ghost (D:10)
6 creatures vanquished.

Grand Total: 254 creatures vanquished

Notes
Turn   | Place    | Note
-------+----------+-------------------------------------------
     0 | D:1      | empire the Minotaur Fighter began the quest for the Orb.
     0 | D:1      | Reached XP level 1. HP: 19/19 MP: 0/0
   215 | D:1      | Reached XP level 2. HP: 14/26 MP: 1/1
   727 | D:2      | Reached XP level 3. HP: 31/31 MP: 2/2
   778 | D:2      | Reached skill level 5 in Maces & Flails
   994 | D:2      | Reached XP level 4. HP: 39/39 MP: 3/3
  1232 | D:2      | Reached XP level 5. HP: 44/45 MP: 4/4
  1293 | D:3      | Found Gozag's Platinum Reserve.
  1295 | D:3      | Found an opulent altar of Gozag.
  2089 | D:3      | Noticed empire's ghost (amateur DEIE)
  2100 | D:3      | Killed empire's ghost
  2100 | D:3      | Reached skill level 4 in Armour
  2100 | D:3      | Reached skill level 1 in Dodging
  2146 | D:3      | HP: 2/45 [poisoned by empire's ghost]
  2784 | D:4      | Noticed an ogre
  2817 | D:4      | Killed an ogre
  2817 | D:4      | Reached XP level 6. HP: 36/51 MP: 5/5
  3034 | D:4      | Reached skill level 5 in Armour
  3260 | D:4      | Reached skill level 5 in Shields
  3268 | D:4      | Reached XP level 7. HP: 51/57 MP: 6/6
  3821 | D:4      | Found Kisof's Antique Armour Shop.
  3979 | D:4      | Found a sparkling altar of Nemelex Xobeh.
  3982 | D:4      | Became a worshipper of Nemelex Xobeh the Trickster
  4046 | D:5      | Entered Level 5 of the Dungeon
  4049 | D:5      | Received a gift from Nemelex Xobeh
  4053 | D:5      | Found a staircase to the Ecumenical Temple.
  4100 | D:5      | Reached skill level 5 in Dodging
  4125 | Temple   | Entered the Ecumenical Temple
  4359 | D:5      | Reached skill level 1 in Invocations
  4403 | D:5      | Gained mutation: You possess an exceptional clarity of mind. [potion of mutation]
  4403 | D:5      | Gained mutation: You do not regenerate when monsters are visible. [potion of mutation]
  4403 | D:5      | Gained mutation: You have supernaturally acute eyesight. (SInv) [potion of mutation]
  4403 | D:5      | Gained mutation: You are resistant to hostile enchantments. (MR+) [potion of mutation]
  4677 | D:5      | Reached XP level 8. HP: 60/64 MP: 9/9
  4976 | D:6      | Reached skill level 5 in Invocations
  5127 | D:6      | Found Pokhopn's Food Boutique.
  5223 | D:6      | Reached * piety under Nemelex Xobeh
  5297 | D:6      | Noticed Grinder
  5309 | D:6      | Killed Grinder
  5436 | D:6      | Noticed Blork the orc
  5437 | D:6      | Noticed Sigmund
  5453 | D:6      | Killed Blork the orc
  5462 | D:6      | Noticed Sigmund
  5462 | D:6      | Sigmund changed into Sigmund the jelly
  5464 | D:6      | Killed Sigmund the jelly
  5853 | D:7      | Reached XP level 9. HP: 71/78 MP: 11/11
  6482 | D:7      | Received a gift from Nemelex Xobeh
  6492 | D:7      | Found a runed door.
  6495 | D:7      | Found a basalt altar of Yredelemnul.
  6507 | D:7      | Reached skill level 10 in Maces & Flails
  7350 | D:8      | Found a staircase to the Lair.
  7385 | D:8      | Noticed bmj180's ghost (novice HuBe)
  7411 | D:8      | Killed bmj180's ghost
  7411 | D:8      | Reached skill level 10 in Fighting
  7535 | D:8      | Found a hide-covered altar of Uskayaw.
  7547 | D:8      | Reached ** piety under Nemelex Xobeh
  7598 | D:8      | Found an ancient bone altar of Kikubaaqudgha.
  7750 | D:8      | Reached skill level 6 in Armour
  7755 | D:8      | Noticed Maurice
  7782 | D:8      | Killed Maurice
  7782 | D:8      | Reached skill level 7 in Armour
  7782 | D:8      | Reached XP level 10. HP: 85/93 MP: 12/12
  8008 | D:8      | Got a polished leather armour
  8180 | D:8      | Found a glowing silver altar of Zin.
  8206 | D:8      | Reached skill level 8 in Armour
  8602 | D:8      | Found a glowing golden altar of the Shining One.
  8958 | D:9      | Reached skill level 9 in Armour
  9040 | D:9      | Reached skill level 10 in Armour
  9201 | D:9      | Found Aschas's Antique Weapon Shoppe.
  9215 | D:9      | Bought a sapphire mace for 216 gold pieces
  9215 | D:9      | Identified the cursed +1 mace of Unpleasantness {vamp, rElec rC+} (You bought it in a shop on level 9 of the Dungeon)
  9277 | D:9      | Received a gift from Nemelex Xobeh
  9316 | D:9      | Found a staircase to the Orcish Mines.
  9419 | D:9      | Reached skill level 11 in Armour
  9422 | D:9      | Noticed a rust devil
  9952 | D:9      | Reached *** piety under Nemelex Xobeh
  9962 | D:9      | Found a shadowy altar of Dithmenos.
 10432 | D:10     | Entered Level 10 of the Dungeon
 10458 | D:10     | Received a gift from Nemelex Xobeh
 10481 | D:10     | Identified the +3 leather armour of Luirhiyt {rN++ Stlth-} (You found it on level 8 of the Dungeon)
 10639 | D:10     | Reached skill level 12 in Armour
 10802 | D:10     | Paralysed by a hornet for 3 turns
 10811 | D:10     | Paralysed by a hornet for 1 turns
 11344 | D:10     | Noticed Sonja
 11357 | D:10     | Killed Sonja
 11357 | D:10     | Reached XP level 11. HP: 36/99 MP: 13/13
 11382 | D:10     | HP: 7/148 [poisoned by Sonja]
 11388 | D:10     | HP: 7/148 [poisoned by Sonja]
 11567 | D:10     | HP: 4/99 [manticore (11)]
 11568 | D:10     | Slain by a manticore

Skill      XL: |  1  2  3  4  5  6  7  8  9 10 |
---------------+-------------------------------+-----
Maces & Flails | 3 4 5 6 8 10 | 10.0
Armour         | 4 5 7 12 | 12.0
Dodging        | 1 3 5 |  5.0
Shields        | 4 5 6 |  6.2
Invocations    | 3 5 |  5.0
Fighting       | 6 10 | 10.0

Action                   |  1- 3 |  4- 6 |  7- 9 | 10-12 || total
-------------------------+-------+-------+-------+-------++-------
Melee: Flail             |    82 |   169 |   409 |   293 ||   953
       Headbutt          |     9 |    24 |    86 |    50 ||   169
Evoke: Deck              |       |       |     5 |    12 ||    17
       Wand              |       |       |       |    10 ||    10
  Use: Potion            |       |     2 |     5 |    11 ||    18
       Scroll            |       |       |    11 |     7 ||    18
  Eat: Chunk             |       |     8 |    14 |     9 ||    31
       Fruit             |       |       |     1 |     7 ||     8
Armor: Scale mail        |    55 |    90 |   128 |   119 ||   392
       Skin              |       |       |    10 |    36 ||    46
Dodge: Dodged            |    29 |    50 |   132 |   108 ||   319
Block: Shield            |    54 |    90 |   241 |   273 ||   658
       Reflection        |       |       |       |    12 ||    12
